Map: Sequencer LE

Players

KebabKing (SpaceMarine) - Winner!

  • Race: Protoss Protoss
  • Spawn Location: 7:00

Ziggy

  • Race: Terran Terran
  • Spawn Location: 1:00

Event: WCS Jonkoping 2017

VOD

Have the link to the VOD?

Description

Time

  • Played on: June 17, 2017, 11:35 a.m.
  • Length: 9:07

All games in this series

Show
View Real Time Build Order
Export as new Build Order

KebabKing Protoss - Winner!

Build Orders:  

Get SALT Encoding   

  12  0:00  Probe (Chrono Boost)  
  13  0:11  Probe (Chrono Boost)  
  14  0:18  Pylon  
  14  0:22  Probe (Chrono Boost)  
  15  0:36  Probe (Chrono Boost), Gateway  
  15  0:41  Assimilator  
  16  0:46  Probe (Chrono Boost)  
  17  0:51  Assimilator  
  17  0:57  Probe (Chrono Boost)  
  18  1:08  Probe (Chrono Boost)  
  20  1:18  Probe (Chrono Boost)  
  20  1:23  Cybernetics Core  
  20  1:29  Probe (Chrono Boost)  
  21  1:38  Pylon  
  21  1:39  Probe (Chrono Boost)  
  22  1:50  Probe (Chrono Boost)  
  23  2:00  Robotics Facility  
  25  2:01  Mothership Core (Chrono Boost), Warp Gate  
  25  2:08  Adept (Chrono Boost)  
  25  2:13  Pylon  
  27  2:19  Probe  
  28  2:34  Stalker (Chrono Boost)  
  30  2:47  Immortal (Chrono Boost)  
  34  3:07  Nexus  
  30  3:32  Probe (Chrono Boost)  
  31  3:41  Immortal (Chrono Boost)  
  35  3:43  Probe (Chrono Boost)  
  36  3:53  Probe (Chrono Boost)  
  35  4:09  Probe (Chrono Boost)  
  32  4:15  Stalker  
  34  4:18  Probe  
  34  4:20  Immortal (Chrono Boost)  
  34  4:22  Probe  
  40  4:28  Probe  
  40  4:29  Pylon  
  41  4:34  Probe  
  42  4:39  Probe  
  43  4:47  Probe, Stalker  
  46  4:54  Warp Prism (Chrono Boost)  
  46  4:56  Probe  
  49  5:07  Probe  
  50  5:22  Probe  
  50  5:23  Probe  
  50  5:25  Immortal (Chrono Boost)  
  54  5:33  Probe  
  55  5:36  Probe  
  55  5:40  Stalker  
  58  5:43  Probe  
  58  5:44  Gateway x2  
  58  5:47  Twilight Council  
  57  6:04  Probe  
  50  6:05  Stalker  
  50  6:06  Immortal (Chrono Boost)  
  52  6:21  Probe  
  52  6:22  Probe  
  54  6:35  Stalker  
  56  6:46  Probe  
  56  6:47  Probe  
  56  6:54  Gateway, Assimilator  
  58  6:56  Gateway  
  58  6:57  Pylon  
  58  6:58  Forge, Assimilator  
  58  7:00  Zealot, Pylon, Sentry  
  62  7:10  Probe  
  62  7:11  Probe  
  62  7:13  Nexus  
  62  7:14  Pylon  
  60  7:21  Probe  
  50  7:23  Probe  
  50  7:24  Resonating Glaives (Chrono Boost)  
  50  7:26  Sentry  
  58  7:34  Probe, Adept x2  
  63  7:44  Probe  
  63  7:45  Probe  
  63  7:46  Robotics Facility  
  65  7:52  Pylon  
  65  7:55  Probe  
  65  7:57  Probe  
  63  8:00  Adept x5  
  73  8:07  Probe  
  73  8:09  Probe  
  75  8:18  Pylon  
  75  8:19  Probe  
  76  8:21  Pylon  
  76  8:22  Probe  
  76  8:24  Probe  
  76  8:26  Adept  
  76  8:27  Adept x2  
  82  8:31  Probe  
  85  8:34  Warp Prism (Chrono Boost)  
  85  8:40  Dark Shrine  
  83  9:06  Adept x2  
Show
View Real Time Build Order
Export as new Build Order

Ziggy Terran 

Build Orders:  

Get SALT Encoding   

  12  0:00  SCV  
  13  0:12  SCV  
  14  0:17  Supply Depot  
  14  0:24  SCV  
  15  0:38  SCV  
  15  0:40  Barracks  
  16  0:44  Refinery  
  16  0:50  SCV  
  17  1:00  Barracks  
  17  1:03  SCV  
  18  1:16  SCV  
  19  1:28  Reaper  
  19  1:29  Orbital Command  
  20  1:36  Supply Depot  
  20  1:48  Reaper  
  21  1:55  SCV  
  22  2:03  Reaper  
  23  2:11  Command Center  
  23  2:15  SCV  
  24  2:18  Refinery  
  24  2:26  Engineering Bay  
  24  2:27  SCV  
  25  2:39  Marine  
  25  2:40  Barracks Reactor  
  25  2:41  Marine  
  25  2:42  SCV  
  28  2:52  Missile Turret  
  28  2:53  Bunker  
  28  2:57  Marine  
  29  2:59  Marine  
  29  3:00  SCV  
  31  3:18  Marine  
  31  3:30  Barracks Tech Lab  
  31  3:33  Supply Depot  
  31  3:39  Barracks Reactor  
  31  3:50  Stimpack  
  31  3:54  Marine, Barracks  
  31  3:55  Barracks  
  32  3:57  Barracks  
  30  4:07  SCV  
  29  4:12  Marine  
  29  4:16  Marine  
  31  4:19  SCV  
  31  4:21  Marine  
  33  4:28  SCV  
  33  4:30  Marine  
  35  4:32  SCV  
  35  4:41  Marine x3  
  35  4:43  SCV  
  35  4:45  Marine  
  34  4:48  Marine  
  34  4:49  Marine  
  36  4:59  Marine x2  
  36  5:09  Marine x2  
  36  5:10  Marine x2  
  38  5:20  Marine x2  
  35  5:26  Marine  
  35  5:27  Marine  
  35  5:28  Marine  
  30  5:29  SCV  
  30  5:30  Marine  
  29  5:37  Marine  
  29  5:38  Marine  
  31  5:44  Marine x2  
  31  5:49  Marine  
  27  6:00  Marine x2  
  27  6:03  Marine x3  
  28  6:06  SCV  
  29  6:14  Marine  
  29  6:17  Marine  
  26  6:19  Marine  
  26  6:24  Marine  
  26  6:30  Marine x2  
  26  6:32  SCV, Marine  
  28  6:35  Marine  
  29  6:44  SCV  
  26  6:51  Marine x2  
  26  6:53  Marine x2  
  30  6:54  SCV  
  30  6:56  Marine, SCV  
  33  7:02  Marine  
  33  7:07  SCV  
  35  7:08  Marine  
  29  7:22  Marine  
  29  7:23  Marine x2  
  29  7:24  SCV x2  
  29  7:28  Marine  
  36  7:36  SCV, Supply Depot  
  38  7:47  Marine  
  38  7:49  Barracks Reactor, Factory  
  38  7:50  Barracks Reactor, Barracks Tech Lab  
  37  7:53  SCV  
  37  7:56  Orbital Command  
  38  8:05  SCV, Marine x2  
  39  8:07  Marine  
  42  8:17  SCV, Supply Depot  
  43  8:23  SCV  
  45  8:29  SCV  
  45  8:30  Supply Depot  
  45  8:33  Starport  
  45  8:34  Factory Reactor  
  45  8:35  Marine  
  45  8:38  Marine  
  45  8:39  SCV  
  48  8:43  SCV, Supply Depot  
  48  8:46  Marine x2  
  51  8:51  SCV  
Tags
 
Add a new tag
Caveats
  • Supply blocks, unpowered buildings, or Contaminate may cause inaccurate times.
  • Supply counts are checked every 10 seconds.